 Dungeon Crawl Stone Soup version 0.16.0-12-g7215832 (webtiles) character file.

195 MDvedh the Slasher (level 5, -4/30 HPs)
             Began as a Tengu Gladiator on Mar 18, 2015.
             Killed by divine providence
             ... invoked by an orc priest
              (11 damage)
             ... on level 3 of the Dungeon.
             The game lasted 00:05:13 (2226 turns).

MDvedh the Slasher (Tengu Gladiator)                Turns: 2226, Time: 00:05:13

Health: -4/30      AC:  5    Str: 15    XL:     5   Next: 74%
Magic:  7/7        EV: 16    Int:  8    God:
Gold:   172        SH:  0    Dex: 16    Spells: 0 memorised, 4 levels left

rFire  + . .     SeeInvis .     a - +0 long sword
rCold  . . .     Clarity  .     u - +0 ring mail {rF+}
rNeg   . . .     SustAb   .     (no shield)
rPois  .         Gourm    .     c - +0 hat
rElec  .         Spirit   .     (no cloak)
rCorr  .         Warding  .     (no gloves)
rMut   .         Stasis   .     (boots unavailable)
MR     +....                    (no amulet)
Stlth  +.........               s - +4 ring of evasion
                                i - ring of protection from magic

@: somewhat resistant to hostile enchantments, very unstealthy
A: able to fly, beak, talons 3
a: Fly


You were on level 3 of the Dungeon.
You were hungry.

You visited 1 branch of the dungeon, and saw 3 of its levels.

You collected 172 gold pieces.

Inventory:

Hand weapons
 a - a +0 long sword (weapon)
Missiles
 d - 3 throwing nets (quivered)
Armour
 c - a +0 hat (worn)
 u - a +0 ring mail of fire resistance (worn)
Jewellery
 i - a ring of protection from magic (left hand)
 l - a +4 ring of strength
 s - a +4 ring of evasion (right hand)
Magical devices
 n - a wand of magic darts (27)
Scrolls
 h - a scroll of teleportation {unknown}
 j - a scroll of noise {unknown}
 m - 2 scrolls of identify {unknown}
 o - 2 scrolls of amnesia {unknown}
 p - 2 scrolls of fear {unknown}
 r - a scroll of remove curse {unknown}
 t - a scroll of fog {unknown}
 v - a scroll of recharging {unknown}
Potions
 b - a potion of cancellation {unknown}
 e - a potion of resistance {unknown}
 g - a potion of flight {unknown}
 k - 2 potions of brilliance {unknown}
 w - a potion of curing {unknown}
Comestibles
 f - 3 bread rations
 q - 2 meat rations


   Skills:
 - Level 2.0 Fighting
 + Level 6.8 Long Blades
 - Level 2.1 Throwing
 - Level 3.2 Dodging


You had 4 spell levels left.
You didn't know any spells.

Dungeon Overview and Level Annotations

Branches:
Dungeon (3/15)

Altars:
Dithmenos
Elyvilon
Kikubaaqudgha


Innate Abilities, Weirdness & Mutations

You can fly.
You have a beak for a mouth.
You have claws for feet.


Message History

You peck the goblin.
The goblin is moderately wounded.
The jackal barely misses you. The orc misses you.
An orc and an orc priest come into view.
The orc shouts!
You hit the goblin!
You kill the goblin!
The jackal closely misses you. The jackal misses you.
You hit the orc!
You kill the orc!
The orc hits you but does no damage.
The orc priest mumbles some strange prayers to Beogh against you.
Something smites you! The jackal barely misses you.
You hear a shout!
Unknown command.
The orc hits you. The jackal bites you.
* * * LOW HITPOINT WARNING * * *
The orc priest invokes the aid of Beogh against you.
Something smites you!
You die...

#...............#
#.....#'#########
#.....#..#
#...[###'###
#....#..[..#
#....#..#..#
###'##.###.#
#.##..#..#
...#####@##.....#
........o.#######
$......oh..#
.......)†s.#
.......o..'..
#.........####
#.......oo#
..........
..........


You could see 2 orc priests, 3 orcs, a jackal and a giant cockroach.

Vanquished Creatures
  An orc priest (D:3)
  Ijyb (D:2)
  4 worms
  4 adders
  2 giant geckos
  An ooze (D:3)
  3 orcs (D:3)
  3 ball pythons
  11 goblins
  12 hobgoblins
  3 jackals (D:3)
  9 kobolds
  2 quokkas (D:2)
  10 bats
  4 giant cockroaches
  4 giant newts
  5 rats
79 creatures vanquished.

Notes
Turn   | Place    | Note
--------------------------------------------------------------
     0 | D:1      | MDvedh, the Tengu Gladiator, began the quest for the Orb.
     0 | D:1      | Reached XP level 1. HP: 12/12 MP: 1/1
   175 | D:1      | Reached XP level 2. HP: 17/17 MP: 3/3
   180 | D:1      | Reached skill level 4 in Long Blades
   697 | D:1      | Reached XP level 3. HP: 17/21 MP: 4/4
   919 | D:2      | Reached skill level 5 in Long Blades
  1060 | D:2      | Reached XP level 4. HP: 26/26 MP: 5/5
  1332 | D:2      | Noticed Ijyb
  1336 | D:2      | Killed Ijyb
  1369 | D:2      | Found a shadowy altar of Dithmenos.
  1723 | D:3      | Reached skill level 6 in Long Blades
  1723 | D:3      | Reached XP level 5. HP: 30/30 MP: 7/7
  2150 | D:3      | Found an ancient bone altar of Kikubaaqudgha.
  2151 | D:3      | Found a white marble altar of Elyvilon.
  2226 | D:3      | Killed from afar by an orc priest

Action                   |  1- 3 |  4- 6 || total
-------------------------+-------+-------++-------
Melee: Long sword        |    87 |    85 ||   172
  Eat: Chunk             |       |     2 ||     2
       Beef jerky        |       |     1 ||     1
